 Dungeon Crawl Stone Soup version 0.18.1-6-gd335043 (webtiles) character file.

9383 epen the Grappler (level 11, 0/115 HPs)
             Began as a Troll Gladiator on May 17, 2016.
             Was a Priest of Cheibriados.
             Slain by a seven-headed hydra (16 damage)
             ... on level 11 of the Dungeon.
             The game lasted 00:15:58 (8412 turns).

epen the Grappler (Troll Gladiator)                 Turns: 8412, Time: 00:16:00

Health: 0/115      AC: 12    Str: 33    XL:     11   Next: 22%
Magic:  1/15       EV: 16    Int: 12    God:    Cheibriados [***...]
Gold:   231        SH:  0    Dex: 21    Spells: 0 memorised, 10 levels left

rFire  . . .     SeeInvis .       - Unarmed
rCold  . . .     Gourm    +     I - +4 robe of the Doldrums {MR++}
rNeg   + . .     Faith    .     (no shield)
rPois  +         Spirit   .     b - +0 hat
rElec  .         Dismiss  .     o - +2 cloak
rCorr  +         Reflect  .     (gloves unavailable)
SustAt .         Harm     .     (boots unavailable)
MR     ++...                    (no amulet)
Stlth  ++........               C - ring of positive energy
                                J - ring of resist corrosion

@: very slow, very resistant to hostile enchantments, unstealthy
A: unfitting armour, claws 3, blurry vision 1, fast metabolism 3, gourmand,
poison resistance, regeneration 2, robust 1, shaggy fur 1, tough skin 2
a: Bend Time, Temporal Distortion, Renounce Religion


You were on level 11 of the Dungeon.
You worshipped Cheibriados.
Cheibriados was most pleased with you.
You were full.

You visited 1 branch of the dungeon, and saw 11 of its levels.
You also visited: Ossuary.

You collected 664 gold pieces.
You spent 433 gold pieces at shops.

Inventory:

Missiles
 c - 7 throwing nets (quivered)
Armour
 a - a +0 robe
 b - a +0 hat (worn)
 o - a +2 cloak (worn)
 I - the +4 robe of the Doldrums (worn) {MR++}
   (You bought it in a shop on level 10 of the Dungeon)

   It affects your resistance to hostile enchantments.
Jewellery
 C - a ring of positive energy (right claw)
 J - a ring of resist corrosion (left claw)
Wands
 w - a wand of acid (6/15)
 y - a wand of flame (21/48)
 K - a wand of lightning (12/15)
 O - a wand of iceblast (15/15)
 P - a wand of slowing (8/48)
Scrolls
 e - 3 scrolls of random uselessness
 k - a scroll of fog
 n - 7 scrolls of remove curse
 p - a scroll of recharging
 q - 3 scrolls of fear
 r - 2 scrolls of blinking
 x - 2 scrolls of magic mapping
 A - a scroll of amnesia
 D - 3 scrolls of teleportation
Potions
 g - 5 potions of flight
 l - a potion of invisibility {unknown}
 s - 3 potions of cancellation
 t - 2 potions of resistance
 u - 4 potions of curing
 z - 4 potions of brilliance
 B - a potion of lignification
 E - a potion of might
 F - a potion of agility
 H - 2 potions of magic
 L - a potion of cure mutation {unknown}
 M - 2 potions of haste {unknown}
Books
 N - a book of Death

   Spells                             Type                      Level
   a - Corpse Rot                     Necromancy                   2
   b - Sublimation of Blood           Necromancy                   2
   c - Agony                          Necromancy                   5
   d - Dispel Undead                  Necromancy                   5
   e - Excruciating Wounds            Charms/Necromancy            5
   f - Bolt of Draining               Conjuration/Necromancy       5
Comestibles
 d - 11 bread rations
 f - 5 beef jerkies
 j - 6 meat rations
 m - 4 fruits
 v - a royal jelly
 G - 3 slices of pizza


   Skills:
 + Level 5.8 Fighting
 * Level 4.5 Throwing
 + Level 4.5 Armour
 * Level 8.0 Dodging
 * Level 9.2 Unarmed Combat
 * Level 6.9 Invocations


You had 10 spell levels left.
You didn't know any spells.

Dungeon Overview and Level Annotations

Branches:
Dungeon (11/15)            Temple (0/1) D:4            Lair (0/8) D:11
    Orc (0/2) D:10

Altars:
Ashenzari
Cheibriados
Dithmenos
Kikubaaqudgha
Nemelex Xobeh
Okawaru
Qazlal
Ru
Sif Muna
Trog
Vehumet
Xom
Yredelemnul
The Shining One

Shops:
D:10 [


Innate Abilities, Weirdness & Mutations

You are too large for most types of armour.
You have claws for hands.
Your metabolism is lightning-fast.
You like to eat raw meat.
You heal very quickly.
You are covered in fur (AC +1).
You have very tough skin (AC +2).
Scrolls take you a little longer to read.
Your system is resistant to poisons.
You are robust (+10% HP).


Message History

Unknown command.
You rip one of the six-headed hydra's heads off!
The five-headed hydra grows two more!
You scratch the seven-headed hydra.
The seven-headed hydra is severely wounded.
The seven-headed hydra bites you.
* * * LOW HITPOINT WARNING * * *
The seven-headed hydra barely misses you.
The seven-headed hydra closely misses you.
The seven-headed hydra misses you.
The seven-headed hydra bites you but does no damage. x2
The seven-headed hydra bites you!
* * * LOW HITPOINT WARNING * * *
Drink which item? (? for menu, Esc to quit)
You feel much better. The seven-headed hydra bites you!
* * * LOW HITPOINT WARNING * * *
The seven-headed hydra misses you. The seven-headed hydra bites you!
* * * LOW HITPOINT WARNING * * *
The seven-headed hydra bites you but does no damage.
The seven-headed hydra bites you!
You die...

....†..........
...?...........
................
................
.........#.....
#.............. .. #
####...)D)......
....#.......#...@)....#
......#...#..........##
.....##P..##...(######
...#...PPPP..#..#
...#...P>P...#..#
...#..PPPP...#..#
.....##.PP##...##
......#...#....#
....#.......#..#


You could see a seven-headed hydra.

Vanquished Creatures
  A hill giant (D:10)
  The ghost of tyrsky the Magician, a novice DEFE of Vehumet (D:5)
  A spriggan (D:8)
  A shadow (D:10)
  A wyvern (D:10)
  13 yaks
  5 humans (D:10)
  A hungry ghost (D:10)
  8 orc warriors
  A phantom (D:4)
  2 ice beasts
  2 necrophages
  9 ogres
  7 centaurs
  A big kobold (D:5)
  8 giant frogs
  3 scorpions
  4 killer bees (D:9)
  2 vampire bats (D:3)
  A howler monkey (D:10)
  3 centaur zombies (Ossuary)
  9 crimson imps
  A giant frog zombie (D:5)
  A quasit (D:6)
  A giant frog skeleton (D:10)
  6 hounds
  2 jellies
  8 orc priests
  Jessica (D:3)
  A centaur skeleton (D:9)
  5 orc wizards
  An iguana (D:6)
  Natasha (thrice) (D:3)
  8 worker ants
  4 big kobold zombies (Ossuary)
  A hound zombie (D:5)
  2 hound skeletons (D:9)
  7 mummies
  A worker ant zombie (D:7)
  8 gnolls
  11 adders
  3 shadow imps
  2 oozes
  An adder skeleton (D:7)
  A worm (D:2)
  3 dart slugs
  A giant gecko (D:1)
  31 orcs
  2 ball pythons
  A bat skeleton (D:3)
  4 bat zombies (D:3)
  8 giant cockroaches
  6 goblins
  7 hobgoblins
  18 jackals
  4 quokkas
  3 bats
  A giant gecko skeleton (D:4)
  5 giant newts
  2 hobgoblin zombies (Ossuary)
  11 kobolds
  3 quokka skeletons
  A quokka zombie (D:5)
  9 rats
283 creatures vanquished.

Notes
Turn   | Place    | Note
--------------------------------------------------------------
     0 | D:1      | epen the Troll Gladiator began the quest for the Orb.
     0 | D:1      | Reached XP level 1. HP: 19/19 MP: 0/0
    90 | D:1      | Reached XP level 2. HP: 25/28 MP: 1/1
   531 | D:1      | Reached XP level 3. HP: 35/35 MP: 2/2
   863 | D:2      | Found a sacrificial altar of Ru.
  1017 | D:2      | Found a faded altar to an unknown god.
  1064 | D:2      | Became a worshipper of Cheibriados the Contemplative
  1064 | D:2      | Reached * piety under Cheibriados
  1329 | D:2      | Reached XP level 4. HP: 44/44 MP: 3/3
  1563 | D:3      | Reached ** piety under Cheibriados
  1799 | D:3      | Found an ancient bone altar of Kikubaaqudgha.
  1803 | D:3      | Reached skill level 4 in Unarmed Combat
  1803 | D:3      | Reached XP level 5. HP: 46/50 MP: 4/4
  1810 | D:3      | Reached skill level 1 in Armour
  1990 | D:3      | Reached *** piety under Cheibriados
  1991 | D:3      | Noticed Jessica
  1997 | D:3      | Killed Jessica
  2219 | D:3      | Noticed Natasha
  2224 | D:3      | Killed Natasha
  2224 | D:3      | Reached XP level 6. HP: 51/59 MP: 5/5
  2238 | D:3      | Noticed Natasha
  2243 | D:3      | Killed Natasha
  2251 | D:3      | Noticed Natasha
  2253 | D:3      | Killed Natasha
  2429 | D:4      | Reached skill level 5 in Unarmed Combat
  2429 | D:4      | Reached skill level 1 in Invocations
  2764 | D:4      | Found a bloodstained altar of Trog.
  2830 | D:4      | Found a staircase to the Ecumenical Temple.
  3123 | D:4      | Reached XP level 7. HP: 67/67 MP: 6/6
  3316 | D:5      | Entered Level 5 of the Dungeon
  3323 | D:5      | Reached **** piety under Cheibriados
  3513 | D:5      | Found a radiant altar of Vehumet.
  3516 | D:5      | Found a basalt altar of Yredelemnul.
  3519 | D:5      | Found a shadowy altar of Dithmenos.
  3528 | D:5      | Noticed tyrsky's ghost (novice DEFE)
  3534 | D:5      | Killed tyrsky's ghost
  3534 | D:5      | Reached XP level 8. HP: 59/76 MP: 7/9
  3577 | D:5      | Reached skill level 5 in Dodging
  3582 | D:5      | Reached skill level 6 in Unarmed Combat
  4379 | D:6      | Reached XP level 9. HP: 33/85 MP: 11/11
  4541 | D:6      | Found a sparkling altar of Nemelex Xobeh.
  4600 | D:6      | Reached skill level 7 in Unarmed Combat
  4793 | D:6      | Found a glowing golden altar of the Shining One.
  5081 | D:7      | Found a sand-covered staircase.
  5111 | Ossuary  | Entered an ossuary
  5226 | Ossuary  | Reached ***** piety under Cheibriados
  5277 | Ossuary  | Reached skill level 5 in Invocations
  5909 | D:7      | Reached skill level 5 in Fighting
  5978 | D:8      | Found a shattered altar of Ashenzari.
  5990 | D:8      | Found a stormy altar of Qazlal.
  6180 | D:8      | Found a deep blue altar of Sif Muna.
  6357 | D:8      | Reached XP level 10. HP: 82/96 MP: 13/13
  6378 | D:8      | Found an iron altar of Okawaru.
  6504 | D:8      | Reached skill level 8 in Unarmed Combat
  6883 | D:9      | Found a shimmering altar of Xom.
  7461 | D:9      | Found a snail-covered altar of Cheibriados.
  7511 | D:9      | Gained mutation: You are robust (+10% HP). [potion of mutation]
  7511 | D:9      | Gained mutation: Scrolls take you a little longer to read. [potion of mutation]
  7511 | D:9      | Gained mutation: Your system is resistant to poisons. [potion of mutation]
  7513 | D:10     | Entered Level 10 of the Dungeon
  7769 | D:10     | Found a staircase to the Orcish Mines.
  7769 | D:10     | Found Eqap's Armour Shoppe.
  7805 | D:10     | Bought the +4 robe of the Doldrums {MR++} for 433 gold pieces
  7920 | D:10     | Reached XP level 11. HP: 114/114 MP: 14/14
  7965 | D:10     | Noticed a hill giant
  7966 | D:10     | Reached skill level 9 in Unarmed Combat
  7973 | D:10     | Killed a hill giant
  8372 | D:11     | Found a staircase to the Lair.
  8397 | D:11     | Noticed a four-headed hydra
  8407 | D:11     | HP: 1/115 [five-headed hydra (6)]
  8412 | D:11     | Slain by a seven-headed hydra

Skill      XL: |  1  2  3  4  5  6  7  8  9 10 11 |
---------------+----------------------------------+-----
Fighting       | 2 3 4 5 |  5.8
Dodging        | 3 4 5 6 7 8 |  8.0
Unarmed Combat | 4 5 6 7 8 9 |  9.2
Armour         | 1 2 3 4 |  4.5
Invocations    | 1 2 4 5 6 |  6.9
Throwing       | 4 |  4.5

Action                   |  1- 3 |  4- 6 |  7- 9 | 10-12 || total
-------------------------+-------+-------+-------+-------++-------
Melee: Unarmed           |   111 |   148 |   273 |   219 ||   751
       Punch             |     1 |     2 |    12 |    12 ||    27
Invok: Slouch            |       |       |     3 |     8 ||    11
  Use: Scroll            |       |       |    18 |     6 ||    24
       Potion            |       |       |       |     5 ||     5
 Stab: Sleeping          |       |     4 |     7 |     3 ||    14
       Distracted        |       |     1 |     2 |       ||     3
  Eat: Chunk             |    10 |    16 |    20 |    16 ||    62
Armor: Robe              |    31 |    70 |    40 |    57 ||   198
Dodge: Dodged            |    47 |   101 |   161 |   184 ||   493
